 Dungeon Crawl Stone Soup version 0.30-a0-632-g346586fe48 (webtiles) character file.

Game seed: 7684518015087864255

1904 bande the Chopper (level 9, -1/54 HPs)
             Began as a Gargoyle Fighter on Jan 14, 2023.
             Slain by a gnoll
             ... wielding a +0 trident
              (6 damage)
             ... on level 5 of the Dungeon.
             The game lasted 00:11:54 (5710 turns).

bande the Chopper (Gargoyle Fighter)                Turns: 5710, Time: 00:11:55

Health: -1/54      AC: 14    Str: 20    XL:     9   Next: 15%
Magic:  9/9        EV:  9    Int:  9    God:
Gold:   301        SH:  5    Dex: 13    Spells: 8/8 levels left

rFire   . . .      SeeInvis .    a - +0 war axe
rCold   . . .      Faith    .    c - +0 buckler
rNeg    + . .      Spirit   .    b - +0 scale mail
rPois   ∞          Reflect  .    n - +0 helmet
rElec   +          Harm     .    (no cloak)
rCorr   .          Rampage  .    i - +2 pair of gloves
Will    +....      Rnd*Tele +    (no boots) Stlth
                                 (no amulet)
HPRegen 0.29/turn                m - ring of willpower
MPRegen 0.11/turn                (no ring)

@: corroded, flying
A: sickness immunity, AC +6, negative energy resistance 1, electricity
resistance, torment resistance 1, petrification resistance, big wings,
teleportitis 1
a: no special abilities


You were on level 5 of the Dungeon.
You visited 1 branch of the dungeon, and saw 6 of its levels.
You also visited: Sewer.

You collected 301 gold pieces.

Inventory:

Hand Weapons
 a - a +0 war axe (weapon)
 t - a +2 flail of protection
Armour
 b - a +0 scale mail (worn)
 c - a +0 buckler (worn)
 i - a +2 pair of gloves (worn)
 n - a +0 helmet (worn)
Jewellery
 k - an amulet of magic regeneration
 m - a ring of willpower (left hand)
 s - a +6 ring of intelligence
 x - a ring of magical power
 y - a +6 ring of intelligence
Wands
 r - a wand of digging (5)
 u - a wand of iceblast (10)
Scrolls
 f - a scroll of fear
 h - 2 scrolls of amnesia
 p - 3 scrolls of teleportation
 w - a scroll of magic mapping
Potions
 d - a potion of might
 e - a potion of degeneration {unknown}
 g - 7 potions of curing
 j - 4 potions of heal wounds
 l - 4 potions of haste
 o - a potion of magic {unknown}
 v - 3 potions of brilliance {unknown}


   Skills:
 + Level 5.4 Fighting
 + Level 7.5 Axes
 + Level 6.0 Armour
 + Level 5.4 Shields
 * Level 3.5 Evocations


You had 8 spell levels left.
You didn't know any spells.
Your spell library contained the following spells:

 Spells                   Type           Power      Damage    Failure   Level
 Shock                    Conj/Air       0%         1d3       80%         1
 Summon Small Mammal      Summ           0%         N/A       80%         1
 Call Canine Familiar     Summ           0%         N/A       99%         3
 Summon Guardian Golem    Hex/Summ       0%         N/A       99%         3
 Swiftness                Air            0%         N/A       99%         3
 Airstrike                Air            0%         2d(0-16)  100%        4
 Cause Fear               Hex            0%         N/A       100%        4
 Dragon Form              Tmut           0%         N/A       100%        7
 Dragon's Call            Summ           0%         N/A       100%        9


Dungeon Overview and Level Annotations

Branches:
Dungeon (6/15)             Temple (0/1) D:6           Sewer (visited)

Altars:
Qazlal

Annotations:
D:5 BigDaddyOpFi's ghost, amateur FeSu


Innate Abilities, Weirdness & Mutations

You are immune to sickness and miasma.
Your stone body is resilient. (AC +6)
You are immune to poison.
You resist negative energy. (rN+)
You are resistant to electric shocks. (rElec)
You are resistant to unholy torment.
You are immune to petrification.
Your large and strong wings let you fly.
You are occasionally teleported next to monsters.


Message History

You block the gnoll's attack.
You hit the hound.
The hound is heavily wounded.
You hit the gnoll. The hound barely misses you. You block the gnoll's attack.
The gnoll hits you but does no damage. The hound closely misses you.
You slash the hound!
You kill the hound!
You slash the gnoll!
You kill the gnoll!
The gnoll hits you from afar with a +0 halberd.
The gnoll closely misses you. The gnoll closely misses you.
The gnoll hits you but does no damage.
You see here an iguana corpse.
The gnoll barely misses you. You block the gnoll's attack.
You slash the gnoll!
The gnoll is almost dead.
The gnoll hits you but does no damage. The gnoll closely misses you.
You slash the gnoll!
You kill the gnoll!
The gnoll barely misses you.
You slash the jelly!
Your hands burn!
The jelly is almost dead.
The jelly hits you. The acid corrodes you!
You are splashed with acid!
* * * LOW HITPOINT WARNING * * *
The gnoll hits you from afar with a +0 trident.
* * * LOW HITPOINT WARNING * * *
You hit the jelly.
You kill the jelly!
The gnoll hits you but does no damage. The gnoll barely misses you.
Things that are here:
a +0 halberd; a gnoll corpse The gnoll hits you but does no damage.
The gnoll barely misses you. The gnoll hits you with a +0 trident!
* * * LOW HITPOINT WARNING * * *
You barely miss the gnoll. The gnoll hits you but does no damage.
You barely miss the gnoll.
The gnoll hits you but does no damage. x2
You closely miss the gnoll. The gnoll hits you with a +0 trident.
You die...

...........#
..##.##..##.##
#.##........)####
#.##............#
#.##............#
#.##..#.####..#.#
#.##..#.# #....#
#.##†)#.# ##.#.#
#.@)..#.# #.#.#
#.g##.#.# #.#.#
#..##.#.# #.###
#..##.#.# #.#
#..##....## #.#
.... ..... #.#
...#. ..... ...
.#........ ...


You could see a gnoll.

Vanquished Creatures
  Grinder (D:4)
  Eustachio (D:4)
  Edmund (D:4)
  Pargi (Sewer)
  An ice beast (D:5)
  2 black bears
  An ogre (D:6)
  A centaur (D:6)
  A phantom (D:4)
  A kobold brigand (D:6)
  3 scorpions (D:5)
  A wight (D:6)
  2 jellies
  2 hounds
  A gnoll bouda (D:6)
  2 iguanas
  An orc wizard (D:6)
  Ijyb (D:3)
  Robin (D:4)
  6 gnolls
  6 adders
  4 river rats (D:3)
  2 ufetubi (D:5)
  2 worms (D:2)
  4 dart slugs
  7 orcs
  8 ball pythons
  7 endoplasms
  A giant cockroach (D:2)
  19 goblins
  11 hobgoblins
  4 jackals (D:2)
  7 kobolds
  3 quokkas
  9 bats
  9 frilled lizards (Sewer)
  4 rats (D:3)
138 creatures vanquished.

Notes
Turn   | Place    | Note
-------+----------+-------------------------------------------
     0 | D:1      | bande the Gargoyle Fighter began the quest for the Orb.
     0 | D:1      | Reached XP level 1. HP: 14/14 MP: 1/1
   224 | D:1      | Reached XP level 2. HP: 8/19 MP: 2/2
  1263 | D:2      | Reached skill level 2 in Axes
  1270 | D:2      | Reached XP level 3. HP: 23/23 MP: 3/3
  1567 | D:2      | Reached XP level 4. HP: 29/29 MP: 4/4
  1675 | D:2      | Found a faded altar of an unknown god.
  2051 | D:3      | Reached skill level 3 in Axes
  2106 | D:3      | Found a glowing drain.
  2123 | D:3      | Reached XP level 5. HP: 18/33 MP: 5/5
  2133 | Sewer    | Entered a sewer
  2309 | Sewer    | Noticed Pargi
  2344 | Sewer    | Killed Pargi
  2345 | Sewer    | Reached skill level 4 in Axes
  2345 | Sewer    | Reached XP level 6. HP: 4/38 MP: 6/6
  3003 | D:3      | Noticed Ijyb
  3011 | D:3      | Killed Ijyb
  3032 | D:3      | Found a stormy altar of Qazlal.
  3271 | D:4      | Noticed Grinder
  3305 | D:4      | Paralysed by Grinder for 5 turns
  3318 | D:4      | Killed Grinder
  3319 | D:4      | Reached skill level 5 in Axes
  3319 | D:4      | Reached skill level 5 in Armour
  3319 | D:4      | Reached XP level 7. HP: 31/43 MP: 7/7
  3748 | D:4      | Noticed Edmund
  3771 | D:4      | Killed Edmund
  4153 | D:4      | Reached skill level 1 in Evocations
  4216 | D:4      | Noticed Eustachio
  4266 | D:4      | Noticed Robin
  4687 | D:4      | Killed Robin
  4715 | D:4      | Killed Eustachio
  4716 | D:4      | Reached XP level 8. HP: 33/48 MP: 8/8
  5034 | D:5      | Entered Level 5 of the Dungeon
  5039 | D:5      | Noticed BigDaddyOpFi's ghost (amateur FeSu)
  5043 | D:5      | Reached skill level 6 in Axes
  5043 | D:5      | Reached skill level 5 in Shields
  5048 | D:5      | You fall into a shaft and drop 1 floor!
  5054 | D:6      | Found a staircase to the Ecumenical Temple.
  5173 | D:6      | Reached skill level 5 in Fighting
  5258 | D:6      | Reached skill level 7 in Axes
  5552 | D:5      | Gained mutation: You are vulnerable to cold. (rC-) [potion
                  | of mutation]
  5552 | D:5      | Gained mutation: You have a pair of small antennae on your
                  | head. [potion of mutation]
  5552 | D:5      | Gained mutation: Your mind is acute. (Int +4, Str/Dex -1)
                  | [potion of mutation]
  5553 | D:5      | Lost mutation: You are vulnerable to cold. (rC-) [potion of
                  | mutation]
  5553 | D:5      | Lost mutation: You have a pair of small antennae on your
                  | head. [potion of mutation]
  5553 | D:5      | Lost mutation: Your mind is acute. (Int +4, Str/Dex -1)
                  | [potion of mutation]
  5553 | D:5      | Gained mutation: You are occasionally teleported next to
                  | monsters. [potion of mutation]
  5553 | D:5      | Gained mutation: Your large and strong wings let you fly.
                  | [potion of mutation]
  5602 | D:5      | Reached XP level 9. HP: 50/54 MP: 9/9
  5710 | D:5      | Slain by a gnoll

Illustrated notes

Levels and vault maps discovered:
D:1:      denvon_arrival_planthouse, layout_basic
D:2:      cheibrodos_old_hovel, layout_loops_ring,
          shapermc_ecumenical_altar_pompeii
D:3:      layout_rooms, mainiacjoe_overflow_surrounded_room,
          portal_sewer_entry_c, uniq_ijyb
D:4:      layout_rooms, serial_corexii_hall, chequers_hall_statues_corner_a,
          corexii_hall_statues_l, kennysheep_diamond, uniq_eustachio,
          uniq_robin, uniq_edmund, uniq_grinder
D:5:      layout_loops_ring, pdpol_temple_overflow_zin_treasury_gozag_greed,
          gammafunk_ghost_split
D:6:      layout_basic, temple_doors_cd, nicolae_eternal_life,
          uniq_prince_ribbit1, uniq_crazy_yiuf_cottage, uniq_duvessa

Skill      XL: |  1  2  3  4  5  6  7  8  9 |
---------------+----------------------------+-----
Axes           | 2 3 4 5 7 |  7.5
Armour         | 4 5 6 |  6.0
Fighting       | 4 5 |  5.4
Shields        | 4 5 |  5.4
Evocations     | 1 3 |  3.5

Action                   |  1- 3 |  4- 6 |  7- 9 || total
-------------------------+-------+-------+-------++-------
Melee: War axe           |    93 |   190 |   307 ||   590
  Use: Scroll            |     5 |     6 |     4 ||    15
       Potion            |       |       |     2 ||     2
Armor: Scale mail        |    60 |   171 |   268 ||   499
Dodge: Dodged            |    49 |   120 |   213 ||   382
Block: Buckler           |    15 |    54 |   107 ||   176

Table legend: (Time is in decaauts)
 A = Elapsed time spent in this place.
 B = Non-inter-level travel time spent in this place.
 C = Inter-level travel time spent in this place.
 D = Time resting spent in this place.
 E = Time spent auto-exploring this place.
 F = Levels seen in this place.
 G = Mean time per level.
                   A        B        C        D        E       F      G
               +--------+--------+--------+--------+--------+-----+--------+
         Total |   5929 |   5896 |     33 |   2108 |   2427 |   7 |  847.0 |
       Dungeon |   5079 |   5046 |     33 |   1537 |   2317 |   6 |  846.5 |
         Sewer |    850 |    850 |      0 |    571 |    109 |   1 |  850.0 |
               +--------+--------+--------+--------+--------+-----+--------+

Top non-repeatable levels by time:
     D:4: 1896 daAuts
     D:1: 1184 daAuts
   Sewer: 850 daAuts
     D:2: 817 daAuts
     D:3: 475 daAuts
     D:6: 414 daAuts
     D:5: 289 daAuts
